 Dungeon Crawl Stone Soup version 0.30-a0-808-g6e0788376e (webtiles) character file.

Game seed: 17588974533464705806

70861 sasquatch the Scorcher (level 14, -16/116 HPs)
             Began as a Demigod Fire Elementalist on Feb 25, 2023.
             Killed from afar by Frances (52 damage)
             ... with an iron shot
             ... on level 2 of the Swamp on Feb 26, 2023.
             The game lasted 01:29:35 (30502 turns).

sasquatch the Scorcher (Demigod Fire Elementalist) Turns: 30502, Time: 01:29:35

Health: -16/116    AC: 10    Str:  9    XL:     14   Next: 53%
Magic:  12/32      EV: 15    Int: 39    God:
Gold:   1558       SH:  0    Dex: 14    Spells: 2/33 levels left

rFire   + . .      SeeInvis .    P - staff of fire
rCold   . . .      Faith    .    (no shield)
rNeg    . . .      Spirit   .    a - +0 robe
rPois   .          Reflect  .    i - +0 helmet
rElec   .          Harm     .    A - +2 cloak
rCorr   .          Rampage  .    y - +0 pair of gloves
Will    +....                    H - +2 pair of boots {Fly}
Stlth   ++                       L - amulet of the acrobat
HPRegen 0.39/turn                e - ring of wizardry
MPRegen 0.23/turn                x - +6 ring of intelligence

@: about to teleport, flying
A: high MP 1, forlorn, divine attributes
a: no special abilities


You were on level 2 of the Swamp.
You visited 4 branches of the dungeon, and saw 21 of its levels.

You collected 1774 gold pieces.
You spent 216 gold pieces at shops.

Inventory:

Hand Weapons
 j - the +0 whip "Veaq Poe" {freeze, rElec Will+ MP-9}
   (You found it on level 10 of the Dungeon)

   rElec:     It insulates you from electricity.
   MP:        It affects your magic capacity (-9).
   Will:      It increases your willpower.
 q - the +5 quarterstaff of Pyromania {flame, Dex+3}
   (You bought it in a shop on level 4 of the Dungeon)

   Dex:       It affects your dexterity (+3).
 F - a +0 dagger of electrocution
 V - the +0 quarterstaff of Equilibrium {flame, Contam rPois SInv}
   (You found it on level 5 of the Lair of Beasts)

   rPois:     It protects you from poison.
   SInv:      It lets you see invisible.
   Contam:    It causes magical contamination when unequipped.
Missiles
 p - 3 atropa-tipped darts
 w - 70 poisoned darts
 E - 2 throwing nets
Armour
 a - a +0 robe (worn)
 i - a +0 helmet (worn)
 k - the +0 ring mail "Kesecs" {Fly Str+2 Dex+4}
   (You took it off an orc on level 9 of the Dungeon)

   Str:       It affects your strength (+2).
   Dex:       It affects your dexterity (+4).
   Fly:       It grants you flight.
 y - a +0 pair of gloves (worn)
 A - a +2 cloak (worn)
 H - a +2 pair of boots of flying (worn)
Magical Staves
 P - a staff of fire (weapon)
Jewellery
 e - a ring of wizardry (left hand)
 x - a +6 ring of intelligence (right hand)
 L - an amulet of the acrobat (around neck)
 S - a ring of resist corrosion
Wands
 r - a wand of digging (6)
 v - a wand of charming (22)
 B - a wand of flame (78)
 C - a wand of mindburst (4)
 I - a wand of quicksilver (17)
 U - a wand of polymorph (6)
Scrolls
 c - 4 scrolls of immolation
 f - 2 scrolls of poison
 h - 3 scrolls of blinking
 l - 5 scrolls of teleportation
 n - 10 scrolls of identify
 s - 4 scrolls of butterflies
 t - 3 scrolls of enchant weapon
 u - 2 scrolls of amnesia
 z - a scroll of torment
 K - 6 scrolls of enchant armour
 M - 4 scrolls of magic mapping
 N - 2 scrolls of fog
 Q - a scroll of vulnerability
 W - a scroll of fear
Potions
 b - 4 potions of magic
 d - 2 potions of brilliance
 g - 4 potions of heal wounds
 m - 4 potions of ambrosia
 o - 3 potions of might
 D - 6 potions of curing
 G - 2 potions of lignification
 J - 3 potions of haste
 O - 2 potions of resistance
 R - 3 potions of mutation
 T - 5 potions of attraction
 X - a potion of cancellation
 Y - a potion of flight {unknown}


   Skills:
 * Level 8.8 Fighting
 * Level 8.0 Dodging
 - Level 1.7 Stealth
 - Level 10.0 Spellcasting
 - Level 10.0 Conjurations
 - Level 6.0 Transmutations
 + Level 15.6 Fire Magic


You had 2 spell levels left.
You knew the following spells:

 Your Spells              Type           Power      Damage    Failure   Level
a - Foxfire               Conj/Fire      100%       2x1d9     0%          1
b - Scorch                Fire           100%       2d10      0%          2
c - Magic Dart            Conj           100%       1d8       1%          1
d - Sticky Flame          Conj/Fire      100%       2d11      1%          4
e - Flame Wave            Conj/Fire      100%       2d21      1%          4
f - Inner Flame           Hex/Fire       88%        N/A       1%          3
g - Kindle Blastsparks    Fire/Tloc/Air  100%       2d18      1%          3
h - Irradiate             Conj/Tmut      34%        3d23      1%          5
i - Ignition              Fire           59%        3d16      9%          8

Your spell library contained the following spells:

 Spells                   Type           Power      Damage    Failure   Level
 Summon Small Mammal      Summ           76%        N/A       1%          1
 Call Imp                 Summ           19%        N/A       1%          2
 Cigotuvi's Dreadful Rot  Necr/Pois/Air  38%        N/A       1%          2
 Sublimation of Blood     Necr           19%        N/A       1%          2
 Ignite Poison            Fire/Tmut/Pois 85%        N/A       1%          3
 Mephitic Cloud           Conj/Pois/Air  45%        N/A       1%          3
 Blade Hands              Tmut           30%        N/A       1%          5
 Call Canine Familiar     Summ           19%        N/A       2%          3
 Portal Projectile        Hex/Tloc       38%        N/A       2%          3
 Summon Guardian Golem    Hex/Summ       19%        N/A       2%          3
 Tukima's Dance           Hex            19%        N/A       2%          3
 Petrify                  Tmut/Erth      42%        N/A       2%          4
 Yara's Violent Unravell  Hex/Tmut       21%        3d10      6%          5
 Dispel Undead            Necr           19%        3d11      8%          4
 Passage of Golubria      Tloc           19%        N/A       8%          4
 Conjure Ball Lightning   Conj/Air       27%        3x3d8     16%         6
 Silence                  Hex/Air        9%         N/A       21%         5
 Summon Forest            Summ/Tloc      9%         N/A       21%         5
 Eringya's Noxious Bog    Tmut/Pois      21%        N/A       32%         6
 Dragon Form              Tmut           30%        N/A       45%         7
 Death Channel            Necr           9%         N/A       71%         6
 Summon Cactus Giant      Summ           9%         N/A       71%         6
 Summon Hydra             Summ           9%         N/A       99%         7
 Lehudib's Crystal Spear  Conj/Erth      27%        10d7      99%         8
 Discord                  Hex            9%         N/A       100%        8
 Disjunction              Tloc           9%         N/A       100%        8


Dungeon Overview and Level Annotations

Branches:
Dungeon (12/15)            Temple (0/1) D:5            Lair (5/5) D:11
  Swamp (2/4) Lair:3        Snake (0/4) Lair:3        Slime (0/5) Lair:4
    Orc (2/2) D:9             Elf (0/3) Orc:2

Shops:
D:4 (   D:12 *

Portals:
Abyss: D:4

Annotations:
D:5 exclusion: door
D:11 exclusion: door
Swamp:2 Frances
Orc:2 Rupert


Innate Abilities, Weirdness & Mutations

You have an increased reservoir of magic. (+10% MP)
You shall have no god before yourself.
Your divine heritage dramatically boosts your attributes as you level up.


Message History

The blast of poison misses you.
Casting: Scorch (safe; 0% risk of failure)
Confirm with . or Enter, or press ? or * to list all spells.
Casting: Flame Wave (safe; 1% risk of failure)
Press: ? - help, Dir - look around, f - activate You feel a surge of power!
A wave of flame ripples out!
The mangrove smoulders and burns.
The flame wave engulfs the swamp dragon!
The swamp dragon is heavily wounded. (Press . to intensify the flame waves.)
You are engulfed in poison gas.
You are more poisoned.
You feel very sick.
You hear a shout!
The swamp dragon burns!
The swamp dragon is engulfed in a cloud of scalding steam.
The swamp dragon breathes poison at you.
The blast of poison engulfs you!
You are more poisoned.
A wave of flame ripples out!
The flame wave engulfs the swamp dragon!!
You kill the swamp dragon!
The mangrove smoulders and burns.
You are engulfed in poison gas.
You are more poisoned.
You feel extremely sick.
Frances, Duchess of Pandemonium comes into view.
She is wielding a +0 dire flail.
* * * LOW HITPOINT WARNING * * *
You feel extremely sick.
Frances shouts!
You hear a shout!
You see here a swamp dragon corpse.
* * * LOW HITPOINT WARNING * * *
You feel very sick.
You feel better.
Press: ? - help, v - describe, . - travel
Here: Frances, wielding a +0 dire flail and wearing a +0 scale mail The floor.
As you read the scroll of teleportation, it crumbles to dust.
You feel strangely unstable.
Frances screams a word of power!
The iron shot hits you!!!
You die...

~~~~~...~~~.~♣
...~♣♣~....~♣♣♣
~~~♣♣♣♣.~~~~.♣♣
♣♣...♣♣~.~~~~§~~
♣♣♣♣♣♣♣~@.....~~~)~§.♣
♣§○○○°..§.~~~~~......♣
♣§~§~~~†.~~~~~.~~<..♣§
♣§.~§§~.~~~~~~....♣♣~.
♣§§~~@..~~.......~♣♣♣♣
♣..°.~~.~~~.........♣♣
♣♣♣♣♣♣♣.~~..~~♣~.~..~~
♣♣..~~.§♣~.♣♣.~.
♣..~~.♣♣♣♣♣♣♣♣♣
♣♣♣~.§♣ ♣♣♣♣♣


You could see Frances.

Vanquished Creatures
  An eleionoma (Swamp:1)
  2 bunyips (Swamp:2)
  3 hydras
  A boulder beetle (Lair:4)
  2 alligators (Swamp:1)
  2 ghost crabs
  The ghost of capslocke the Tormented, a journeyman DsNe of Kikubaaqudgha (D:11)
  The ghost of Farfigtubin the Covert, a journeyman KoBr of Dithmenos (D:9)
  4 two-headed ogres
  13 death yaks
  2 orc high priests (Orc:2)
  3 skysharks (Lair:5)
  A goliath frog (Swamp:2)
  A spectral hydra (Lair:3)
  2 swamp dragons (Swamp:2)
  2 spriggan druids (Swamp:1)
  2 bog bodies (Swamp:1)
  3 orc knights
  A lindwurm (Lair:5)
  Pikel (D:7)
  3 cyclopes
  An orc sorcerer (Orc:2)
  4 elephants (Lair:2)
  3 black mambas
  A gargoyle (D:11)
  8 cane toads
  A torpor snail (Lair:4)
  3 kobold demonologists (D:11)
  6 rime drakes
  2 komodo dragons
  6 trolls
  A bloated husk (Swamp:1)
  7 polar bears
  A dream sheep (Lair:5)
  21 blink frogs
  10 hornets
  3 wyverns
  21 spriggans
  A shadow (D:11)
  Sigmund (D:6)
  3 wraiths
  58 yaks
  2 basilisks
  3 vampire mosquitoes (D:12)
  6 swamp worms
  3 wargs
  3 nagas (Lair:3)
  4 acid dragons
  13 water moccasins
  21 orc warriors
  2 swamp drakes (Swamp:1)
  A spectral blink frog (Lair:3)
  6 black bears
  6 ogres
  4 boggarts (Lair:5)
  29 wolves
  A centaur (D:11)
  A spectral basilisk (Lair:3)
  A phantom (D:5)
  A gnoll sergeant (D:10)
  6 kobold brigands
  11 bullfrogs
  2 scorpions (D:11)
  An earth elemental (Swamp:1)
  8 wights
  3 killer bees (D:7)
  A howler monkey (D:9)
  2 jellies
  A hound (D:5)
  Crazy Yiuf (D:6)
  2 gnoll boudas (D:6)
  13 orc priests
  2 iguanas (D:5)
  15 orc wizards
  5 adders
  14 gnolls
  A white imp (D:7)
  A worm (D:2)
  2 dart slugs (D:1)
  76 orcs
  3 ball pythons
  5 bats
  8 endoplasms
  3 giant cockroaches
  5 goblins
  6 hobgoblins
  6 quokkas
  2 frilled lizards
  35 kobolds
  4 rats
564 creatures vanquished.

Vanquished Creatures (collateral kills)
  43 foxfires
43 creatures vanquished.

Vanquished Creatures (others)
  A bush (Lair:5)
  A butterfly (D:7)
  2085 foxfires
  68 fungi
  108 plants
2263 creatures vanquished.

Grand Total: 2870 creatures vanquished

Notes
Turn   | Place    | Note
-------+----------+-------------------------------------------
     0 | D:1      | sasquatch the Demigod Fire Elementalist began the quest for
                  | the Orb.
     0 | D:1      | Reached XP level 1. HP: 14/14 MP: 5/5
     6 | D:1      | Noticed an anaconda
     6 | D:1      | Noticed a polar bear
     7 | D:1      | Noticed an eight-headed hydra
     7 | D:1      | Noticed a lindwurm
    56 | D:1      | Reached skill level 1 in Conjurations
   314 | D:1      | Reached XP level 2. HP: 15/20 MP: 1/7
   376 | D:1      | Reached skill level 3 in Fire Magic
  1279 | D:2      | Learned a level 2 spell: Scorch
  1281 | D:2      | Learned a level 1 spell: Magic Dart
  1469 | D:2      | Reached XP level 3. HP: 26/26 MP: 3/8
  2296 | D:3      | You fall into a shaft and drop 3 floors!
  2302 | D:5      | Entered Level 5 of the Dungeon
  2337 | D:5      | Reached XP level 4. HP: 29/33 MP: 1/10
  2649 | D:4      | Found a one-way gate to the infinite horrors of the Abyss.
  2715 | D:4      | Found a large runed translucent door.
  2715 | D:4      | Found a large runed translucent door.
  2745 | D:4      | Found Sonytwuuv's Antique Weapon Emporium.
  2753 | D:4      | Reached skill level 4 in Fire Magic
  2776 | D:4      | Bought a crystal quarterstaff for 216 gold pieces
  2776 | D:4      | Identified the +5 quarterstaff of Pyromania {flame, Dex+3}
                  | (You bought it in a shop on level 4 of the Dungeon)
  2885 | D:4      | Reached XP level 5. HP: 38/38 MP: 8/11
  4433 | D:5      | Reached XP level 6. HP: 11/45 MP: 1/13
  4688 | D:5      | Reached skill level 5 in Fire Magic
  4994 | D:5      | Found a staircase to the Ecumenical Temple.
  5053 | D:5      | Noticed a water moccasin
  5058 | D:5      | Killed a water moccasin
  5059 | D:5      | Reached XP level 7. HP: 50/50 MP: 6/15
  5821 | D:6      | Learned a level 4 spell: Sticky Flame
  5826 | D:6      | Learned a level 4 spell: Flame Wave
  5862 | D:6      | Noticed Sigmund
  5873 | D:6      | Killed Sigmund
  5874 | D:6      | Reached skill level 5 in Conjurations
  6011 | D:6      | Reached skill level 6 in Fire Magic
  6428 | D:6      | Found a runed translucent door.
  6429 | D:6      | Noticed Crazy Yiuf
  6434 | D:6      | Killed Crazy Yiuf
  6623 | D:7      | Reached XP level 8. HP: 57/57 MP: 8/17
  6721 | D:7      | Reached skill level 7 in Fire Magic
  6971 | D:7      | Noticed Pikel
  6987 | D:7      | Killed Pikel
  6988 | D:7      | Reached skill level 8 in Fire Magic
  7384 | D:7      | Reached skill level 9 in Fire Magic
  7643 | D:7      | Learned a level 3 spell: Inner Flame
  7695 | D:8      | Reached XP level 9. HP: 62/62 MP: 11/18
  8248 | D:8      | Reached skill level 10 in Fire Magic
  9005 | D:9      | Noticed a two-headed ogre
  9012 | D:9      | Killed a two-headed ogre
  9013 | D:9      | Reached skill level 5 in Spellcasting
  9264 | D:9      | Identified the +0 ring mail "Kesecs" {Fly Str+2 Dex+4}
  9350 | D:9      | Found a runed translucent door.
  9353 | D:9      | Noticed Farfigtubin's ghost (journeyman KoBr)
  9858 | D:9      | Reached XP level 10. HP: 58/69 MP: 17/21
 10155 | D:9      | Found a staircase to the Orcish Mines.
 10444 | D:9      | Killed Farfigtubin's ghost
 10445 | D:9      | Reached skill level 11 in Fire Magic
 10642 | D:10     | Entered Level 10 of the Dungeon
 10670 | D:10     | Noticed a cyclops
 10754 | D:10     | Noticed a two-headed ogre
 10763 | D:10     | Killed a two-headed ogre
 10767 | D:10     | Reached skill level 12 in Fire Magic
 10942 | D:10     | Identified the +0 whip "Veaq Poe" {freeze, rElec Will+
                  | MP-9}
 11004 | D:10     | Killed a cyclops
 11796 | D:11     | Noticed a cyclops
 12009 | D:11     | Noticed a smoke demon
 12137 | D:11     | Reached XP level 11. HP: 69/74 MP: 15/24
 12221 | D:11     | Reached skill level 13 in Fire Magic
 12639 | D:11     | Found a large runed translucent door.
 12640 | D:11     | Found a large runed translucent door.
 12642 | D:11     | Noticed capslocke's ghost (journeyman DsNe)
 12773 | D:11     | Noticed a two-headed ogre
 12780 | D:11     | Killed a two-headed ogre
 12781 | D:11     | Reached skill level 14 in Fire Magic
 12888 | D:11     | Found a staircase to the Lair.
 13096 | Orc:1    | Entered Level 1 of the Orcish Mines
 13112 | Orc:1    | Noticed an orc knight
 13242 | D:9      | Learned a level 3 spell: Kindle Blastsparks
 13248 | D:9      | Learned a level 5 spell: Irradiate
 13254 | D:9      | HP: 2/74 [troll[an orc knight] (7)]
 13261 | D:9      | Killed an orc knight
 13262 | D:9      | Reached skill level 1 in Transmutations
 14011 | Orc:2    | Entered Level 2 of the Orcish Mines
 14026 | Orc:2    | Noticed an orc high priest
 14026 | Orc:2    | Noticed an orc high priest
 14026 | Orc:2    | Noticed an orc high priest
 14027 | Orc:2    | Noticed an orc knight
 14027 | Orc:2    | Noticed an orc knight
 14027 | Orc:2    | Noticed an orc knight
 14027 | Orc:2    | Noticed an orc knight
 14043 | Orc:2    | Killed an orc high priest
 14173 | Lair:1   | Entered Level 1 of the Lair of Beasts
 15112 | Lair:1   | Reached XP level 12. HP: 73/81 MP: 2/27
 16858 | Lair:2   | Reached skill level 5 in Transmutations
 17496 | Lair:1   | Reached skill level 10 in Conjurations
 18545 | Lair:3   | Found a staircase to the Snake Pit.
 19151 | Lair:3   | Noticed a ghost crab
 19169 | Lair:3   | Killed a ghost crab
 19286 | Lair:3   | Found a staircase to the Swamp.
 19345 | Lair:3   | Noticed a five-headed hydra
 19472 | Lair:3   | Killed a five-headed hydra
 19473 | Lair:3   | Reached skill level 10 in Spellcasting
 19824 | Lair:3   | Learned a level 8 spell: Ignition
 19896 | Lair:4   | Noticed a boulder beetle
 19923 | Lair:4   | Reached skill level 1 in Fighting
 19923 | Lair:4   | Reached XP level 13. HP: 37/90 MP: 23/31
 20171 | Lair:4   | Found a staircase to the Slime Pits.
 21756 | Lair:5   | Entered Level 5 of the Lair of Beasts
 22027 | Lair:5   | Identified the +0 quarterstaff of Equilibrium {flame,
                  | Contam rPois SInv}
 22342 | Lair:5   | Reached skill level 5 in Fighting
 22813 | Lair:5   | Reached skill level 15 in Fire Magic
 23175 | Lair:5   | HP: 1/101 [skyshark (21)]
 23825 | Orc:2    | Noticed Rupert
 23855 | Orc:2    | Found a staircase to the Elven Halls.
 24727 | D:11     | Killed capslocke's ghost
 25114 | D:12     | Found Soet Lys's Overcharged Wands.
 25416 | D:12     | Reached skill level 5 in Dodging
 26707 | Lair:4   | Reached XP level 14. HP: 104/113 MP: 3/32
 27661 | Lair:5   | Identified the +1 chain mail of the Jackalope {Rampage rC-
                  | rN+ Str+3}
 28220 | Swamp:1  | Entered Level 1 of the Swamp
 30499 | Swamp:2  | Noticed Frances
 30502 | Swamp:2  | Killed from afar by Frances

Illustrated notes

Levels and vault maps discovered:
D:1:      onia_arrival_zoo_common, layout_loops_ring,
          ebering_ecumenical_altar_webs, patterned_corridor
D:2:      layout_loops_cross
D:3:      layout_loops_corners, nicolae_overflow_hidden_temple, minmay_cupped
D:4:      due_chaos_kobolds, layout_basic, serial_shops, shop,
          minmay_misc_feat_enclosed
D:5:      layout_loops_corners, zin_statuary, minmay_temple_entry_large_hall,
          serial_bayou_lagoon_b
D:6:      layout_rooms, hex_tiny, nicolae_elevator_lobby_plus, uniq_sigmund,
          uniq_crazy_yiuf_cottage
D:7:      layout_cave_pools, nicolae_elyvilon_peaceful_grove,
          minmay_misc_feat_secret_circle, uniq_pikel
D:8:      layout_basic, mainiacjoe_overflow_big_doors
D:9:      layout_irregular_city, grunt_dithmenos_smoke, david_orc_5,
          hellmonk_ghost_happy_afterlife
D:10:     layout_cave_pools
D:11:     layout_roguey, grunt_lair_entry_orc_guard_hut,
          ebering_ghost_disaster_area
D:12:     layout_rooms, nicolae_shop_overcharged_wands
Lair:1:   layout_cave_pods, nicolae_volcano_entry_hallway, grunt_megastairs_2,
          infiniplex_staircase_pool
Lair:2:   layout_regular_city, gauntlet_entry_generic, grunt_megastairs_5
Lair:3:   layout_loops_ring, nicolae_swamp_entry_spooky,
          guppyfry_snake_entry_garden
Lair:4:   layout_gridlike, dpeg_slime_entry_enclosed, grunt_megastairs_1
Lair:5:   minmay_lair_end_enchanted_forest, layout_regular_city, basic_altar
Swamp:1:  nicolae_swamp_secret_spriggan_hideout, layout_basic_swamp,
          nicolae_swamp_tree_designs, swamp_pool1, nzn_swamp_blast_mining
Swamp:2:  layout_basic_swamp, evilmike_swamp_ruin_rubble_1, st_swamp_mini,
          uniq_frances
Orc:1:    layout_caves, basic_altar
Orc:2:    st_orc_elflike, layout_caves, serial_shops, shop_fountains,
          mines2_david, uniq_rupert

Skill      XL: |  1  2  3  4  5  6  7  8  9 10 11 12 13 14 |
---------------+-------------------------------------------+-----
Conjurations   | 1 2 3 4 5 6 7 8 10 | 10.0
Fire Magic     | 3 4 5 6 9 10 12 14 15 | 15.6
Spellcasting   | 2 3 4 5 6 7 10 | 10.0
Transmutations | 3 6 |  6.0
Fighting       | 1 7 8 |  8.8
Dodging        | 5 8 |  8.0
Stealth        | |  1.7

Action                     |  1- 3 |  4- 6 |  7- 9 | 10-12 | 13-15 || total
---------------------------+-------+-------+-------+-------+-------++-------
  Melee: Unarmed           |     2 |       |       |       |       ||     2
         Quarterstaff      |       |     7 |     6 |    13 |       ||    26
         Staff             |       |       |       |       |     5 ||     5
   Cast: Foxfire           |    80 |    85 |   283 |   397 |   379 ||  1224
         Magic Dart        |     6 |     3 |     1 |     1 |       ||    11
         Scorch            |     5 |    14 |    36 |    66 |   116 ||   237
         Flame Wave        |       |       |     2 |    61 |    11 ||    74
         Sticky Flame      |       |       |     2 |     2 |    52 ||    56
         Kindle Blastspark |       |       |       |    31 |    19 ||    50
         Irradiate         |       |       |       |     5 |    80 ||    85
         Inner Flame       |       |       |       |     1 |     4 ||     5
         Ignition          |       |       |       |       |     2 ||     2
  Evoke: Wand              |       |       |       |     1 |       ||     1
    Use: Potion            |       |       |     2 |     2 |     1 ||     5
         Scroll            |       |       |    16 |    14 |     6 ||    36
   Stab: Sleeping          |       |     1 |       |       |       ||     1
 Armour: Robe              |     2 |     4 |    14 |    65 |    66 ||   151
  Dodge: Dodged            |     9 |     9 |    24 |   116 |   157 ||   315

Table legend: (Time is in decaauts)
 A = Elapsed time spent in this place.
 B = Non-inter-level travel time spent in this place.
 C = Inter-level travel time spent in this place.
 D = Time resting spent in this place.
 E = Time spent auto-exploring this place.
 F = Levels seen in this place.
 G = Mean time per level.
                   A        B        C        D        E       F      G
               +--------+--------+--------+--------+--------+-----+--------+
         Total |  30608 |  28915 |   1693 |   5118 |  19634 |  21 | 1457.5 |
       Dungeon |  15142 |  14323 |    819 |   1284 |  11211 |  12 | 1261.8 |
          Lair |  11694 |  10942 |    752 |   2623 |   6552 |   5 | 2338.8 |
         Swamp |   2168 |   2139 |     29 |    668 |   1171 |   2 | 1084.0 |
  Orcish Mines |   1603 |   1511 |     92 |    543 |    699 |   2 |  801.5 |
               +--------+--------+--------+--------+--------+-----+--------+

Top non-repeatable levels by time:
  Lair:5: 3248 daAuts
     D:9: 2624 daAuts
  Lair:1: 2438 daAuts
  Lair:4: 2182 daAuts
    D:11: 2123 daAuts
  Lair:3: 2122 daAuts
 Swamp:1: 1985 daAuts
  Lair:2: 1701 daAuts
     D:5: 1531 daAuts
     D:1: 1267 daAuts
     D:3: 1180 daAuts
     D:7: 1177 daAuts
   Orc:1: 1175 daAuts
     D:8: 1034 daAuts
    D:10: 941 daAuts
